 Dungeon Crawl Stone Soup version 0.29-a0-384-g6960b1960d (webtiles) character file.

Game seed: 808350777025265623

62 sammy202020 the Skirmisher (level 3, 0/43 HPs)
             Began as a Demonspawn Berserker on May 7, 2022.
             Was a Believer of Trog.
             Slain by Crazy Yiuf
             ... wielding a +2 quarterstaff of chaos
              (4 damage)
             ... on level 2 of the Dungeon.
             The game lasted 00:02:39 (1743 turns).

sammy202020 the Skirmisher (Demonspawn Berserker)   Turns: 1743, Time: 00:02:39

Health: 0/43       AC:  5    Str: 17    XL:     3   Next: 85%
Magic:  3/3        EV: 11    Int: 10    God:    Trog [**....]
Gold:   173        SH:  0    Dex: 12    Spells: 2/2 levels left

rFire   . . .      SeeInvis .   a - +0 hand axe
rCold   . . .      Faith    .   (no shield)
rNeg    . . .      Spirit   .   k - +0 ring mail
rPois   .          Reflect  .   (helmet restricted)
rElec   .          Harm     .   (no cloak)
rCorr   .          Rampage  .   (no gloves)
Will    ++...                   (no boots)
Stlth   ..........              (no amulet)
HPRegen 1.14/turn               (no ring)
MPRegen 0.08/turn               (no ring)

@: berserking, strong-willed, regenerating, very quick
A: horns 1, demonic touch 1
a: Renounce Religion, Berserk, Trog's Hand


You were on level 2 of the Dungeon.
You worshipped Trog.
Trog was pleased with you.
You visited 1 branch of the dungeon, and saw 2 of its levels.

You collected 173 gold pieces.

Inventory:

Hand Weapons
 a - a +0 hand axe (weapon)
 q - a +0 mace
Armour
 k - a +0 ring mail (worn)
Jewellery
 p - a ring of magical power
Scrolls
 b - a scroll of identify {unknown}
 e - a scroll of teleportation
 f - a scroll of enchant armour {unknown}
 j - a scroll of enchant weapon {unknown}
 l - a scroll of acquirement {unknown}
 m - a scroll of fear {unknown}
Potions
 c - a potion of might {unknown}
 d - a potion of attraction {unknown}
 g - a potion of flight {unknown}
 h - a potion of lignification {unknown}
 i - 2 potions of curing {unknown}
 n - a potion of berserk rage {unknown}
 o - a potion of degeneration {unknown}


   Skills:
 * Level 3.6 Fighting
 * Level 3.2 Axes
 + Level 2.2 Armour
 + Level 2.1 Dodging
 * Level 0.6 Unarmed Combat


You had 2 spell levels left.
You didn't know any spells.
Your spell library was empty.

Dungeon Overview and Level Annotations

Branches:
Dungeon (2/15)

Altars:

Annotations:
D:2 Crazy Yiuf


Innate Abilities, Weirdness & Mutations

You have a pair of small horns on your head.
Your touch may inflict minor irresistible damage on your foes.


Message History

Found a mace.
No target in view!
No target in view!
No target in view!
No target in view!
No target in view!
No target in view!
You see here a +0 mace.
Found seven maces.
Found a runed translucent door.
You see here a +0 mace.
Found a mace.
Crazy Yiuf shouts!
You see here a +0 mace.
q - a +0 mace You see here a +0 mace.
Found two maces and a runed mace.
You see here a +0 mace.
You open the door.
Crazy Yiuf grits, "Tonal!
Snurf unthinkable foot."
You closely miss Crazy Yiuf. Your headbutt misses Crazy Yiuf.
Your touch misses Crazy Yiuf.
Crazy Yiuf hits you with a +2 quarterstaff of chaos!
You hit Crazy Yiuf.
You touch Crazy Yiuf.
Crazy Yiuf is heavily wounded.
Crazy Yiuf hits you with a +2 quarterstaff of chaos!
* * * LOW HITPOINT WARNING * * *
You blink.
Your skin crawls.
You feel strong-willed.
A red film seems to cover your vision as you go berserk!
You feel yourself moving faster!
You feel mighty! Crazy Yiuf closely misses you.
You barely miss Crazy Yiuf.
You touch Crazy Yiuf.
Crazy Yiuf is severely wounded.
You hit Crazy Yiuf but do no damage.
You touch Crazy Yiuf.
Crazy Yiuf is almost dead.
Crazy Yiuf hits you with a +2 quarterstaff of chaos!
* * * LOW HITPOINT WARNING * * *
You convulse.
You die...

#.# ♣♣)♣♣ #
#.#######
♣♣)♣
####........
♣.♣♣
........####
♣♣)♣
####.##.#
♣)♣♣
####.##.#
##'##
##.>....#
#)))#
##......#
#g))#
#.......#
#@.)#
#......##
#####
#......#
#.##.###
#.##.#
#.##.#
#.##.#
.....#
#.####


You could see Crazy Yiuf.

Vanquished Creatures
  2 adders (D:2)
  A worm (D:2)
  2 dart slugs (D:2)
  4 ball pythons
  5 endoplasms
  2 giant cockroaches (D:2)
  A goblin (D:2)
  3 hobgoblins (D:1)
  5 bats
  7 frilled lizards
  3 kobolds (D:2)
  4 rats
39 creatures vanquished.

Notes
Turn   | Place    | Note
-------+----------+-------------------------------------------
     0 | D:1      | sammy202020 the Demonspawn Berserker began the quest for
                  | the Orb.
     0 | D:1      | Reached XP level 1. HP: 18/18 MP: 1/1
   272 | D:1      | Discovered your monstrous ancestry.
   272 | D:1      | Gained mutation: You have a pair of small horns on your
                  | head. [demonic ancestry]
   272 | D:1      | Reached XP level 2. HP: 20/24 MP: 2/2
  1151 | D:2      | Gained mutation: Your touch may inflict minor irresistible
                  | damage on your foes. [demonic ancestry]
  1151 | D:2      | Reached XP level 3. HP: 27/29 MP: 3/3
  1239 | D:2      | Reached ** piety under Trog
  1732 | D:2      | Found a runed translucent door.
  1733 | D:2      | Noticed Crazy Yiuf
  1743 | D:2      | Slain by Crazy Yiuf

Illustrated notes

Levels and vault maps discovered:
D:1:      roderic_crossed_star, layout_rooms, roderic_roman_lattice
D:2:      layout_loops_ring, basic_altar, uniq_crazy_yiuf_cottage

Skill      XL: |  1  2 |
---------------+-------+-----
Armour         | 2 |  2.2
Axes           | 3 |  3.2
Dodging        | 2 |  2.1
Fighting       | |  3.6
Unarmed Combat | |  0.6

Action                   || total
-------------------------++-------
Melee: Hand axe          ||    89
       Headbutt          ||    15
       Punch             ||     2
       Touch             ||     7
Invok: Berserk           ||     1
       Trog's Hand       ||     1
  Use: Scroll            ||     2
Armor: Leather armour    ||    15
       Ring mail         ||    23
Dodge: Dodged            ||    50

Table legend: (Time is in decaauts)
 A = Elapsed time spent in this place.
 B = Non-inter-level travel time spent in this place.
 C = Inter-level travel time spent in this place.
 D = Time resting spent in this place.
 E = Time spent auto-exploring this place.
 F = Levels seen in this place.
 G = Mean time per level.
                   A        B        C        D        E       F      G
               +--------+--------+--------+--------+--------+-----+--------+
         Total |   1755 |   1714 |     41 |      0 |   1386 |   2 |  877.5 |
       Dungeon |   1755 |   1714 |     41 |      0 |   1386 |   2 |  877.5 |
               +--------+--------+--------+--------+--------+-----+--------+

Top non-repeatable levels by time:
     D:1: 911 daAuts
     D:2: 844 daAuts
